 Dungeon Crawl Stone Soup version 0.31.0-32-g396128a36d (webtiles) character file.

Game seed: 9325101445167864189

4936 Alphaeus the Grappler (level 10, -7/94 HPs)
             Began as a Troll Shapeshifter on Mar 19, 2024.
             Was a Believer of Qazlal.
             Mangled by a yak (14 damage)
             ... on level 7 of the Dungeon.
             The game lasted 00:09:13 (6872 turns).

Alphaeus the Grappler (Troll Shapeshifter)          Turns: 6872, Time: 00:09:13

Health: -7/94      AC:  4    Str: 28    XL:     10   Next: 27%
Magic:  9/9        EV: 11    Int:  6    God:    Qazlal [**....]
Gold:   630        SH:  2    Dex:  9    Spells: 9/9 levels left

rFire   . .          .
                       - Unarmed
rCold   . . .        (no shield)
rNeg    . . .        a - +0 animal skin
rPois   .            (helmet currently unavailable)
rElec   .            (cloak currently unavailable)
rCorr   .            (gloves unavailable)
SInv    .            (boots unavailable)
Will    .....        (no amulet)
Stlth   +            (no ring)
HPRegen 1.15/turn    (no ring)
MPRegen 0.11/turn

%: clarity
@: mighty, beast-form
A: beast (slay +4), large, unfitting armour, claws 3, regeneration 1, shaggy fur
1, tough skin 1, clarity, inability to drink after injury 1
a: Begin Untransformation, Renounce Religion, Upheaval


You were on level 7 of the Dungeon.
You worshipped Qazlal.
Qazlal was pleased with you.
You were a hulking beast.
You visited 2 branches of the dungeon, and saw 9 of its levels.
You also visited: Sewer and Ossuary.

You collected 630 gold pieces.

Inventory:

Armour
 a - a +0 animal skin (worn)
 o - a +2 hat
Jewellery
 n - a ring of fire
Talismans
 c - a beast talisman
 d - a flux talisman
Wands
 r - a wand of light (9)
 t - a wand of flame (24)
 G - a wand of roots (14)
Scrolls
 e - a scroll of summoning {unknown}
 f - a scroll of fog {unknown}
 g - a scroll of vulnerability {unknown}
 h - 3 scrolls of blinking {unknown}
 i - 8 scrolls of identify {unknown}
 k - 3 scrolls of amnesia {unknown}
 l - 5 scrolls of teleportation {unknown}
 m - 2 scrolls of immolation
 q - 4 scrolls of noise
 x - a scroll of enchant weapon {unknown}
 y - 2 scrolls of poison {unknown}
 C - a scroll of brand weapon {unknown}
Potions
 b - 3 potions of enlightenment
 j - a potion of mutation
 p - 4 potions of might
 s - a potion of heal wounds {unknown}
 u - a potion of haste {unknown}
 v - a potion of invisibility {unknown}
 w - a potion of resistance {unknown}
 z - a potion of magic {unknown}
 A - 3 potions of brilliance {unknown}
 B - 3 potions of ambrosia {unknown}
 D - a potion of attraction {unknown}
 E - a potion of lignification
 F - a potion of cancellation {unknown}
 H - a potion of curing


   Skills:
 + Level 4.9 Fighting
 + Level 5.2 Dodging
 * Level 9.5 Unarmed Combat
 * Level 8.8 Shapeshifting


You had 9 spell levels left.
You didn't know any spells.
Your spell library contained the following spells:

 Spells                   Type           Power      Damage    Failure   Level
 Slow                     Hex            0%         N/A       45%         1
 Ensorcelled Hibernation  Hex/Ice        0%         N/A       58%         2
 Confusing Touch          Hex            0%         N/A       83%         3
 Fugue of the Fallen      Necr           0%         N/A       83%         3
 Sigil of Binding         Hex            0%         N/A       83%         3
 Stone Arrow              Conj/Erth      0%         3d7       83%         3
 Vampiric Draining        Necr           0%         2d6       83%         3
 Anguish                  Hex/Necr       0%         N/A       99%         4
 Animate Armour           Summ/Erth      0%         N/A       99%         4
 Lehudib's Crystal Spear  Conj/Erth      0%         10d2      100%        8


Dungeon Overview and Level Annotations

Branches:
Dungeon (8/15)             Temple (1/1) D:6           Sewer (visited)
Ossuary (visited)
   Lair: D:8-11

Altars:
Ashenzari
Cheibriados
Dithmenos
Elyvilon
Fedhas
Gozag
Hepliaklqana
Kikubaaqudgha
Makhleb
Nemelex Xobeh
Qazlal
Ru
Trog
Uskayaw
Vehumet
Wu Jian
Xom
The Shining One

Shops:
D:4 [

Annotations:
D:5 1 runed translucent door, Consumeair16's ghost, novice DgFi


Innate Abilities, Weirdness & Mutations

You are a hulking beast.
Your limbs bulge with bestial killing power. (Slay +4)
You are too large for most types of armour.
You have claws for hands.
Your natural rate of healing is unusually fast.
You are covered in fur. (AC +1)
You have tough skin. (AC +1)
You possess an exceptional clarity of mind.
You occasionally lose the ability to drink potions when taking damage.


Message History

You completely miss the yak.
The yak is almost dead.
The yak gores you.
* * * LOW HITPOINT WARNING * * *
You mangle the yak!!
You kill the yak!
Qazlal accepts your kill.
There is a stone staircase leading down, spattered with blood here.
You start resting.
HP restored.
You climb downwards.
You hear the roar of battle.
There is an entrance to a bailey on this level.
Hurry and find it before the portal closes forever!
You hear the faint creaking of a portcullis very nearby.
The yak gores you. The yak gores you! The yak barely misses you.
There is a stone staircase leading up, spattered with blood here.
The yak gores you! The yak closely misses you. The yak barely misses you.
The yak gores you!
You climb upwards.
There is a stone staircase leading down, spattered with blood here.
You claw the yak! Your claw misses the yak.
The yak is moderately wounded.
The yak gores you! The yak barely misses you. The yak gores you!
You block the yak's attack.
You are too injured to fight recklessly!
You are too injured to fight recklessly!
You barely miss the yak. The yak misses you.
The yak gores you but does no damage. The yak barely misses you. x2
You barely miss the yak. The yak gores you but does no damage.
The yak gores you!
* * * LOW HITPOINT WARNING * * *
The yak closely misses you. x2
Okay, then.
Okay, then.
It was a potion of might.
You feel very mighty all of a sudden. The yak gores you!
* * * LOW HITPOINT WARNING * * *
The yak barely misses you. The yak gores you!
You die...

#######.........##....#
#..# #...............#
#..# #######...##....#
#... ######....# #...
##...##....# ####
##.....##...#
#..>.>..##.##
#...Y...##.#
#..Yh†..##.#
##.YY..##..#
##...##..## #'''##.##
#......# ########


You could see 4 yaks.

Vanquished Creatures
  The ghost of TombstoneGhost the Cleaver, a novice MiBe of Trog (D:7)
  Pikel (D:7)
  Sigmund (D:3)
  4 yaks
  Eustachio (D:5)
  Menkaure (D:7)
  Duvessa (D:5)
  A black bear (D:4)
  A sky beast (D:6)
  An ice beast (D:7)
  A centaur (D:7)
  2 ogres
  A lemure (D:7)
  6 phantoms
  A kobold brigand (D:6)
  4 bullfrogs
  A scorpion (D:5)
  Dowan (D:5)
  3 howler monkeys
  A bombardier beetle (D:5)
  4 centaur zombies (Ossuary)
  Crazy Yiuf (D:3)
  An orc priest (D:3)
  5 jellies
  4 hounds
  3 sleepcaps
  Jessica (D:2)
  An iguana (D:5)
  2 orc wizards
  An ogre zombie (Ossuary)
  7 mummies (Ossuary)
  Robin (D:4)
  11 adders
  4 gnolls
  5 river rats
  A shadow imp (D:7)
  2 white imps
  2 ufetubi (D:6)
  6 adder zombies (Ossuary)
  6 dart slugs
  5 ribbon worms
  18 orcs
  12 bats
  9 endoplasms
  6 giant cockroaches
  20 goblins
  14 hobgoblins
  22 jackals
  8 quokkas
  21 ball pythons
  2 frilled lizards (D:2)
  A gnoll zombie (Ossuary)
  5 goblin zombies (Ossuary)
  4 hobgoblin zombies (Ossuary)
  15 kobolds
  6 kobold zombies (Ossuary)
  A quokka zombie (Ossuary)
  4 rats
  2 rat zombies (Ossuary)
277 creatures vanquished.

Notes
Turn   | Place    | Note
-------+----------+-------------------------------------------
     0 | D:1      | Alphaeus the Troll Shapeshifter began the quest for the
                  | Orb.
     0 | D:1      | Reached XP level 1. HP: 18/18 MP: 0/0
    71 | D:1      | Reached skill level 1 in Fighting
    71 | D:1      | Reached XP level 2. HP: 21/27 MP: 1/1
   207 | D:1      | Reached XP level 3. HP: 33/33 MP: 2/2
   799 | D:2      | Reached XP level 4. HP: 40/41 MP: 3/3
   803 | D:2      | Noticed Jessica
   810 | D:2      | Killed Jessica
   919 | D:2      | Reached skill level 4 in Unarmed Combat
  1184 | D:2      | You fall into a shaft and drop 1 floor!
  1236 | D:3      | Noticed Sigmund
  1279 | D:3      | Reached XP level 5. HP: 39/48 MP: 4/4
  1293 | D:3      | Found a faded altar of an unknown god.
  1369 | D:3      | Killed Sigmund
  1370 | D:3      | Reached XP level 6. HP: 56/57 MP: 5/5
  1601 | D:3      | Found a runed translucent door.
  1602 | D:3      | Noticed Crazy Yiuf
  1639 | D:3      | Reached skill level 5 in Unarmed Combat
  1680 | D:3      | Reached skill level 5 in Shapeshifting
  1680 | D:3      | Reached XP level 7. HP: 40/65 MP: 6/6
  1938 | D:3      | Killed Crazy Yiuf
  2093 | D:4      | Found Gesm's Armour Shop.
  2190 | D:4      | Noticed Robin
  2199 | D:4      | Found a glowing drain.
  2209 | D:4      | Gained mutation: You occasionally lose the ability to drink
                  | potions when taking damage. [potion of mutation]
  2209 | D:4      | Gained mutation: You possess an exceptional clarity of
                  | mind. [potion of mutation]
  2224 | D:4      | Killed Robin
  2302 | Sewer    | Entered a sewer
  2806 | Sewer    | Reached skill level 6 in Unarmed Combat
  3123 | D:4      | Reached XP level 8. HP: 74/74 MP: 7/7
  3771 | D:5      | Entered Level 5 of the Dungeon
  3771 | D:5      | Noticed Eustachio
  3786 | D:5      | Killed Eustachio
  3880 | D:5      | Found a bloodstained altar of Trog.
  4053 | D:5      | Found a runed translucent door.
  4056 | D:5      | Noticed Consumeair16's ghost (novice DgFi)
  4197 | D:5      | Reached skill level 7 in Unarmed Combat
  4316 | D:5      | Found a hazy altar of Hepliaklqana.
  4536 | D:5      | Noticed Duvessa
  4536 | D:5      | Noticed Dowan
  4544 | D:5      | Killed Duvessa
  4550 | D:5      | Killed Dowan
  4682 | D:6      | Found a snail-covered altar of Cheibriados.
  4759 | D:6      | Reached XP level 9. HP: 84/84 MP: 8/8
  4879 | D:6      | Found a staircase to the Ecumenical Temple.
  4885 | Temple   | Entered the Ecumenical Temple
  4890 | Temple   | Became a worshipper of Qazlal Stormbringer
  5239 | D:6      | Reached skill level 8 in Unarmed Combat
  5317 | D:6      | Found a sparkling altar of Nemelex Xobeh.
  5460 | D:7      | Noticed Pikel
  5473 | D:7      | Killed Pikel
  5744 | D:7      | Found a sand-covered staircase.
  5766 | Ossuary  | Entered an ossuary
  5833 | Ossuary  | Reached * piety under Qazlal
  5835 | Ossuary  | HP: 4/85 [mummy (16)]
  6215 | D:7      | Noticed Menkaure
  6221 | D:7      | Killed Menkaure
  6222 | D:7      | Reached skill level 9 in Unarmed Combat
  6442 | D:7      | Found a runed translucent door.
  6447 | D:7      | Noticed TombstoneGhost's ghost (novice MiBe)
  6586 | D:7      | Reached ** piety under Qazlal
  6667 | D:7      | Killed TombstoneGhost's ghost
  6668 | D:7      | Reached skill level 5 in Dodging
  6668 | D:7      | Reached XP level 10. HP: 48/94 MP: 9/9
  6872 | D:7      | Mangled by a yak

Illustrated notes

Levels and vault maps discovered:
D:1:      giann_bridges, layout_basic
D:2:      layout_rooms, serial_glass, glass_columns_a, glass_columns_a,
          minmay_pentomino_r4, uniq_jessica
D:3:      kennysheep_six_static_rooms, layout_basic,
          hellmonk_ecumenical_altar_crossroads, uniq_sigmund,
          uniq_crazy_yiuf_cottage
D:4:      layout_loops_ring, portal_sewer_entry_a, serial_shops, shop,
          nicolae_zig_zag_zippers, uniq_robin
D:5:      layout_basic, nicolae_hepliaklqana_hazy_memory, amcnicky_altar_gilded,
          ebering_ghost_inner_flame, wad_floor_pattern_untrapped, uniq_duvessa,
          uniq_eustachio
D:6:      layout_basic, kennysheep_slug_shrine, kennysheep_mini_moat,
          minmay_temple_entry_fiery, feat_on_display
D:7:      layout_rooms, nicolae_ossuary_entry_false_entrances,
          ebering_ghost_reflecting_pool, hex_tiny, st_stairs_14,
          kennysheep_windowed_goal, uniq_pikel, uniq_menkaure
D:8:      layout_loops_corners, mainiacjoe_overflow_catwalk, enter_bailey_3
Temple:   nicolae_temple_ecumenical_triangle

Skill      XL: |  1  2  3  4  5  6  7  8  9 |
---------------+----------------------------+-----
Fighting       | 1 2 3 4 |  4.9
Dodging        | 2 3 4 5 |  5.2
Unarmed Combat | 4 5 6 7 9 |  9.5
Shapeshifting  | 4 5 7 8 |  8.8

Action                     |  1- 3 |  4- 6 |  7- 9 | 10-12 || total
---------------------------+-------+-------+-------+-------++-------
  Melee: Unarmed           |    74 |   120 |   461 |    21 ||   676
         Punch             |       |     4 |    13 |     2 ||    19
    Use: Potion            |       |       |     5 |     1 ||     6
 Armour: Animal skin       |    49 |   104 |   425 |    27 ||   605
         Skin              |       |       |    11 |       ||    11
  Dodge: Dodged            |    32 |    79 |   311 |    20 ||   442
  Block: Other             |       |       |     4 |     3 ||     7
